 Dungeon Crawl Stone Soup version 0.30.0-10-gfe55d96785 (webtiles) character file.

Game seed: 9101028315096888354

135 Byczy the Magician (level 4, -2/23 (24) HPs)
             Began as a Deep Elf Air Elementalist on May 15, 2023.
             Slain by a hound (4 damage)
             ... on level 3 of the Dungeon.
             The game lasted 00:12:42 (3531 turns).

Byczy the Magician (Deep Elf Air Elementalist)      Turns: 3531, Time: 00:12:42

HP:   -2/23 (24)    AC:  2    Str:  5    XL:     4   Next: 96%
MP:   0/12          EV: 13    Int: 22    God:
Gold: 77            SH:  0    Dex: 21    Spells: 6/12 levels left

rFire   . . .        p - staff of poison
rCold   + . .        (no shield)
rNeg    . . .        a - +0 robe
rPois   +            (no helmet)
rElec   .            (no cloak)
rCorr   .            (no gloves)
SInv    .            (no boots)
Will    .....        (no amulet)
Stlth   +++          s - +6 ring of dexterity
HPRegen 0.23/turn    k - ring of protection from cold
MPRegen 0.13/turn

%: no passive effects
@: lightly drained
A: no striking features
a: no special abilities


You were on level 3 of the Dungeon.
You visited 1 branch of the dungeon, and saw 4 of its levels.

You collected 77 gold pieces.

Inventory:

Hand Weapons
 i - a +4 dagger
 j - a +4 dagger
Armour
 a - a +0 robe (worn)
 n - a +0 pair of gloves
Magical Staves
 p - a staff of poison (weapon)
Jewellery
 c - a +6 ring of strength
 k - a ring of protection from cold (right hand)
 s - a +6 ring of dexterity (left hand)
Scrolls
 m - a scroll of poison
 o - a scroll of identify {unknown}
 t - 2 scrolls of teleportation
 u - a scroll of blinking {unknown}
 v - a scroll of enchant armour {unknown}
Potions
 b - a potion of magic
 d - a potion of attraction
 e - 2 potions of lignification
 f - a potion of curing
 g - 3 potions of haste {unknown}
 h - 2 potions of brilliance {unknown}
 l - a potion of degeneration {unknown}
 q - a potion of heal wounds {unknown}
 r - a potion of flight {unknown}


   Skills:
 + Level 2.5 Dodging
 + Level 2.6 Stealth
 + Level 4.7 Spellcasting
 + Level 2.5 Conjurations
 + Level 4.2 Air Magic


You had 6 spell levels left.
You knew the following spells:

 Your Spells              Type           Power      Damage    Failure   Level
a - Shock                 Conj/Air       80%        1d8       2%          1
b - Static Discharge      Conj/Air       40%        2-4/arc   3%          2
c - Swiftness             Air            23%        N/A       5%          3

Your spell library contained the following spells:

 Spells                   Type           Power      Damage    Failure   Level
 Ensorcelled Hibernation  Hex/Ice        10%        N/A       16%         2
 Airstrike                Air            11%        2d(2-18)  19%         4
 Spider Form              Tmut/Pois      7%         N/A       30%         3
 Anguish                  Hex/Necr       2%         N/A       71%         4


Dungeon Overview and Level Annotations

Branches:
Dungeon (4/15)
 Temple: D:4-7

Altars:
Hepliaklqana

Shops:
D:4 ?

Annotations:
D:4 Ijyb


Message History

* * * LOW HITPOINT WARNING * * *
The hound completely misses you.
You climb upwards.
There is a stone staircase leading down here.
Casting: Static Discharge (safe; 3% risk of failure)
Confirm with . or Enter, or press ? or * to list all spells.
The hound is struck by an arc of lightning.
The hound is moderately wounded.
You are struck by an arc of lightning.
* * * LOW HITPOINT WARNING * * *
The lightning grounds out.
The hound pauses to sniff the ground.
The hound barely misses you.
Casting: Static Discharge (safe; 3% risk of failure)
Confirm with . or Enter, or press ? or * to list all spells.
The hound is struck by an arc of lightning.
The hound is moderately wounded.
You are struck by an arc of lightning.
* * * LOW HITPOINT WARNING * * *
The hound is struck by an arc of lightning.
The hound is heavily wounded.
You are struck by an arc of lightning.
* * * LOW HITPOINT WARNING * * *
The lightning grounds out.
The hound barely misses you. The hound closely misses you.
Casting: Static Discharge (safe; 3% risk of failure)
Confirm with . or Enter, or press ? or * to list all spells.
You don't have enough magic to cast this spell.
Casting: Static Discharge (safe; 3% risk of failure)
Confirm with . or Enter, or press ? or * to list all spells.
Aiming: Shock (safe; 2% risk of failure)
Press: ? - help, Shift-Dir - straight line, f - hound
Aim: a hound (heavily wounded, 60% to hit)
The zap hits the hound but does no damage.
The hound is heavily wounded.
The hound closely misses you.
You hit the hound.
The hound is severely wounded.
The hound barely misses you. The hound bites you.
You die...

##........##..........##
####..................##
#...................#
####.#..............#
###................#
#..................#
#..................#
####
#.................##
...###.........h@.....##
##...#.........########
...#.#.........##
.#.#....##......##
.................##
..####.#..........# ..#
#............# ..#
##...........# ..#
##..........#


You could see a hound.

Vanquished Creatures
  Robin (D:3)
  4 adders
  A worm (D:2)
  3 dart slugs
  An orc (D:3)
  7 ball pythons
  6 endoplasms
  2 giant cockroaches (D:2)
  16 goblins
  9 hobgoblins
  7 kobolds (D:1)
  2 quokkas (D:3)
  6 bats
  2 frilled lizards (D:1)
  3 rats
70 creatures vanquished.

Notes
Turn   | Place    | Note
-------+----------+-------------------------------------------
     0 | D:1      | Byczy the Deep Elf Air Elementalist began the quest for the
                  | Orb.
     0 | D:1      | Reached XP level 1. HP: 10/10 MP: 6/6
   248 | D:1      | Reached XP level 2. HP: 15/15 MP: 2/8
   948 | D:1      | Reached XP level 3. HP: 19/19 MP: 6/9
  1069 | D:1      | Found a faded altar of an unknown god.
  1700 | D:2      | HP: 1/28 [poisoned by an adder]
  1886 | D:2      | Learned a level 2 spell: Static Discharge
  1890 | D:2      | Learned a level 3 spell: Swiftness
  2077 | D:2      | Reached XP level 4. HP: 24/24 MP: 7/12
  2849 | D:3      | Found a hazy altar of Hepliaklqana.
  2954 | D:3      | Noticed Robin
  3089 | D:3      | Killed Robin
  3398 | D:4      | Found Peqanusk's Magic Scroll Boutique.
  3489 | D:4      | Noticed Ijyb
  3531 | D:3      | Slain by a hound

Illustrated notes

Levels and vault maps discovered:
D:1:      heliophobic_arrival_dark_side_of_the_moon, layout_basic,
          dilly_ecumenical_altar_fadedgnrine, hex_intersection,
          grunt_decor_clamped
D:2:      layout_loops_ring
D:3:      layout_rooms, worldfamousw_hep_ancestral_shrine, uniq_robin
D:4:      layout_cave_pools, serial_shops, nicolae_stop_n_shop_2,
          minmay_statues_item, uniq_ijyb, uniq_menkaure, uniq_crazy_yiuf_cottage

Skill      XL: |  1  2  3  4 |
---------------+-------------+-----
Spellcasting   | 4 |  4.7
Air Magic      | 4 |  4.2
Conjurations   | 2 |  2.5
Dodging        | |  2.5
Stealth        | |  2.6

Action                     |  1- 3 |  4- 6 || total
---------------------------+-------+-------++-------
  Melee: Unarmed           |     4 |       ||     4
         Dagger            |     2 |       ||     2
         Staff             |       |     1 ||     1
   Cast: Shock             |    92 |    64 ||   156
         Static Discharge  |       |     6 ||     6
         Swiftness         |       |     2 ||     2
    Use: Scroll            |     3 |     4 ||     7
         Potion            |     3 |       ||     3
 Armour: Robe              |     7 |       ||     7
  Dodge: Dodged            |    23 |    24 ||    47
